 Dungeon Crawl Stone Soup version 0.29-a0-356-g7bc237e783 (webtiles) character file.

Game seed: 15039695406895223298

298 sammy202020 the Ruffian (level 6, -6/62 HPs)
             Began as a Troll Fighter on Apr 27, 2022.
             Mangled by a bone dragon (22 damage)
             ... on level 1 of the Abyss.
             The game lasted 00:03:25 (2038 turns).

sammy202020 the Ruffian (Troll Fighter)             Turns: 2038, Time: 00:03:25

Health: -6/62      AC:  4    Str: 25    XL:     6   Next: 13%
Magic:  5/5        EV:  9    Int:  4    God:
Gold:   124        SH:  7    Dex:  9    Spells: 5/5 levels left

rFire   . . .      SeeInvis .     - Unarmed
rCold   . . .      Faith    .   b - +0 kite shield
rNeg    . . .      Spirit   .   a - +0 robe
rPois   .          Reflect  .   (helmet restricted)
rElec   .          Harm     .   (no cloak)
rCorr   .          Rampage  .   (gloves unavailable)
Will    .....                   (boots unavailable)
Stlth   +.........              (no amulet)
HPRegen 1.00/turn               (no ring)
MPRegen 0.09/turn               (no ring)

@: no status effects
A: large, unfitting armour, claws 3, regeneration 1, shaggy fur 1, tough skin 1,
dopey 1
a: no special abilities


You were on level 1 of the Abyss.
You visited 1 branch of the dungeon, and saw 4 of its levels.
You visited the Abyss 1 time.

You collected 124 gold pieces.

Inventory:

Hand Weapons
 j - a +0 club of chaos
Armour
 a - a +0 robe (worn)
 b - a +0 kite shield (worn)
Jewellery
 m - an amulet of reflection
Scrolls
 f - a scroll of fear
Potions
 c - a potion of might
 e - 2 potions of curing
 g - 3 potions of lignification
 i - a potion of brilliance
 k - a potion of haste {unknown}


   Skills:
 * Level 3.7 Fighting
 + Level 1.5 Maces & Flails
 + Level 3.1 Dodging
 + Level 3.0 Shields
 * Level 4.0 Unarmed Combat


You had 5 spell levels left.
You didn't know any spells.
Your spell library contained the following spells:

 Spells                   Type           Power      Damage    Failure   Level
 Slow                     Hex            0%         N/A       80%         1
 Confusing Touch          Hex            0%         N/A       99%         3
 Conjure Flame            Conj/Fire      0%         6-21      99%         3
 Frozen Ramparts          Ice            0%         1d2       99%         3
 Ignite Poison            Fire/Tmut/Pois 0%         N/A       99%         3
 Vampiric Draining        Necr           0%         2d6       99%         3
 Ice Form                 Ice/Tmut       0%         N/A       100%        4
 Sticky Flame             Conj/Fire      0%         2d3       100%        4
 Summon Ice Beast         Ice/Summ       0%         N/A       100%        4


Dungeon Overview and Level Annotations

Branches:
Dungeon (4/15)
 Temple: D:4-7

Altars:

Annotations:
D:3 1 runed translucent door, Crazy Yiuf
D:4 Edmund


Innate Abilities, Weirdness & Mutations

You are too large for most types of armour.
You have claws for hands.
Your natural rate of healing is unusually fast.
You are covered in fur. (AC +1)
You have tough skin. (AC +1)
You are dopey. (Int -2)


Message History

You claw Edmund!
Edmund is lightly wounded.
You block Edmund's attack.
You barely miss Edmund.
Edmund is lightly wounded.
Edmund hits you with a +1 flail of distortion.
You are cast into the Abyss!
This branch contains the abyssal rune of Zot.
A neqoxec comes into view.
Found 24 gold pieces.
A starcursed mass comes into view.
Found 2 murky orange potions.
The neqoxec shouts!
Unknown command.
A small abomination comes into view.
A starcursed mass splits.
A hellwing comes into view.
Found a short sword.
The hellwing gives a chilling moan.
A small abomination comes into view.
The neqoxec gestures at you.
Strange energies course through your body.
You feel stupid.
A starcursed mass splits.
A bone dragon comes into view.
The hellwing swoops through the air toward you!
The hellwing barely misses you. The hellwing hits you.
You scratch the bone dragon but do no damage.
The bone dragon bites you! The bone dragon claws you!
The bone dragon tramples you!
* * * LOW HITPOINT WARNING * * *
You hold your ground!
You block the hellwing's attack. x2
The neqoxec gestures at you.
Something tries to feed on your intellect!
A starcursed mass splits.
Unknown command.
As you read the scroll of identify, it crumbles to dust.
i - a potion of brilliance The bone dragon bites you!!
You die...

#### #$≈.
#.## #
#X##x.#≈##.##
#≈.XX3 ......
#.##X##.##. #
# ##X####
#.4.# ##@##
#D# ... ##.##
#x# .≈) ###


You could see a bone dragon, 4 starcursed masses, a hellwing, a neqoxec and 2
small abominations.

Vanquished Creatures
  A black bear (D:4)
  An ogre (D:4)
  An orc priest (D:4)
  An orc wizard (D:4)
  An adder (D:2)
  3 worms (D:2)
  3 orcs (D:4)
  4 endoplasms
  A giant cockroach (D:2)
  3 goblins
  5 hobgoblins
  7 jackals (D:2)
  3 quokkas
  5 ball pythons
  5 bats
  4 frilled lizards
  3 kobolds
  4 rats
55 creatures vanquished.

Notes
Turn   | Place    | Note
-------+----------+-------------------------------------------
     0 | D:1      | sammy202020 the Troll Fighter began the quest for the Orb.
     0 | D:1      | Reached XP level 1. HP: 22/22 MP: 0/0
   447 | D:1      | Reached XP level 2. HP: 29/29 MP: 1/1
   591 | D:2      | Reached XP level 3. HP: 36/36 MP: 2/2
  1418 | D:3      | Found a runed translucent door.
  1419 | D:3      | Noticed Crazy Yiuf
  1536 | D:3      | Reached skill level 3 in Unarmed Combat
  1596 | D:3      | Reached XP level 4. HP: 45/45 MP: 3/3
  1896 | D:4      | Noticed a black bear
  1900 | D:4      | Killed a black bear
  1901 | D:4      | Reached skill level 1 in Maces & Flails
  1901 | D:4      | Reached XP level 5. HP: 53/53 MP: 4/4
  1968 | D:4      | Noticed an ogre
  1978 | D:4      | Killed an ogre
  1979 | D:4      | Reached skill level 4 in Unarmed Combat
  1979 | D:4      | Reached XP level 6. HP: 40/62 MP: 5/5
  2025 | D:4      | Noticed Edmund
  2031 | D:4      | Cast into level 1 of the Abyss (Edmund)
  2031 | Abyss:1  | Noticed a neqoxec
  2032 | Abyss:1  | Noticed a starcursed mass
  2034 | Abyss:1  | Noticed a hellwing
  2034 | Abyss:1  | Gained mutation: You are dopey. (Int -2) [a neqoxec]
  2036 | Abyss:1  | Noticed a bone dragon
  2038 | Abyss:1  | Mangled by a bone dragon

Illustrated notes

Levels and vault maps discovered:
D:1:      tarquinn_simple_flora_water_a, layout_loops_cross, serial_glass,
          glass_columns_a, glass_columns_b, glass_columns_a, glass_columns_a,
          glass_columns_a
D:2:      layout_rooms, serial_glass, glass_columns_b, glass_columns_a,
          minmay_misc_feat_five, grunt_ministairs_3, minmay_door_square
D:3:      layout_loops_corners, serial_rivers, chequers_serial_rivers_small_a,
          chequers_serial_rivers_room_a, chequers_serial_rivers_small_a,
          chequers_serial_rivers_small_b, corexii_hall_statues_t,
          uniq_crazy_yiuf_cottage
D:4:      layout_gridville, uniq_duvessa, uniq_edmund
Abyss:1:  base: D:4, hangedman_cross_veins

Skill      XL: |  1  2  3  4  5 |
---------------+----------------+-----
Fighting       | 3 |  3.7
Unarmed Combat | 3 4 |  4.0
Maces & Flails | 1 |  1.5
Dodging        | 3 |  3.1
Shields        | 3 |  3.0

Action                   |  1- 3 |  4- 6 || total
-------------------------+-------+-------++-------
Melee: Unarmed           |   130 |    32 ||   162
  Use: Scroll            |     4 |     3 ||     7
       Potion            |       |     1 ||     1
Armor: Robe              |    40 |     8 ||    48
Dodge: Dodged            |    55 |     9 ||    64
Block: Kite shield       |    45 |    12 ||    57

Table legend: (Time is in decaauts)
 A = Elapsed time spent in this place.
 B = Non-inter-level travel time spent in this place.
 C = Inter-level travel time spent in this place.
 D = Time resting spent in this place.
 E = Time spent auto-exploring this place.
 F = Levels seen in this place.
 G = Mean time per level.
                   A        B        C        D        E       F      G
               +--------+--------+--------+--------+--------+-----+--------+
         Total |   2058 |   2058 |      0 |      0 |   1652 |   5 |  411.6 |
       Dungeon |   2051 |   2051 |      0 |      0 |   1652 |   4 |  512.8 |
         Abyss |      6 |      6 |      0 |      0 |      0 |   1 |    6.0 |
               +--------+--------+--------+--------+--------+-----+--------+

Top non-repeatable levels by time:
     D:3: 798 daAuts
     D:2: 587 daAuts
     D:1: 528 daAuts
     D:4: 136 daAuts
 Abyss:1: 6 daAuts
